 Dungeon Crawl Stone Soup version 0.27-a0-1579-g97d2440184 (webtiles) character file.

Game seed: 6082736542993573046

9375 flotson the Fighter (level 11, 0/90 HPs)
             Began as a Demonspawn Delver on July 17, 2021.
             Was an Initiate of Gozag.
             Slain by a death yak (17 damage)
             ... on level 10 of the Dungeon.
             The game lasted 00:30:35 (16780 turns).

flotson the Fighter (Demonspawn Delver)            Turns: 16780, Time: 00:30:36

Health: 0/90       AC: 23    Str: 15    XL:     11   Next: 22%
Magic:  11/11      EV: 14    Int: 11    God:    Gozag
Gold:   1695       SH:  5    Dex: 16    Spells: 1/10 levels left

rFire    + . .     SeeInvis .   a - +2 flail (protect)
rCold    + . .     Faith    .   (no shield)
rNeg     . . .     Spirit   .   y - +2 chain mail {rC+}
rPois    .         Reflect  +   (helmet restricted)
rElec    .         Harm     .   B - scarf {shadows}
rCorr    .         Rampage  .   c - +1 pair of gloves
Will     .....                  (no boots)
Stlth    ..........             u - amulet of reflection
HPRegen  0.25/turn              d - ring of protection from fire
MPRegen  0.12/turn              (no ring)

@: agile, under a protective aura
A: horns 2, rugged brown scales 2, foul stench 3, powered by pain 2
a: Renounce Religion, Potion Petition, Call Merchant, Bribe Branch


You were on level 10 of the Dungeon.
You worshipped Gozag.
Gozag was most pleased with you.
You visited 2 branches of the dungeon, and saw 11 of its levels.
You also visited: Sewer.

You collected 1814 gold pieces.
You paid 119 gold pieces to Gozag.

Inventory:

Hand Weapons
 a - a +2 flail of protection (weapon)
 b - a +0 hand crossbow
 p - a +1 hand axe
 I - a +0 battleaxe
Missiles
 s - 13 poisoned darts (quivered)
 z - 105 bolts
 A - 6 boomerangs
Armour
 c - a +1 pair of gloves (worn)
 y - a +2 chain mail of cold resistance (worn)
 B - a scarf of shadows (worn)
Jewellery
 d - a ring of protection from fire (left hand)
 e - a ring of fire
 u - an amulet of reflection (around neck)
 M - a ring of protection from cold
Wands
 f - a wand of flame (42)
 g - a wand of digging (13)
 G - a wand of polymorph (11)
Scrolls
 h - 2 scrolls of enchant weapon
 i - 2 scrolls of vulnerability {unknown}
 j - 2 scrolls of teleportation {unknown}
 l - 4 scrolls of fog
 q - 2 scrolls of acquirement {unknown}
 r - a scroll of holy word {unknown}
 t - 2 scrolls of blinking {unknown}
 v - 2 scrolls of enchant armour {unknown}
 x - a scroll of summoning {unknown}
 D - a scroll of noise {unknown}
 L - a scroll of torment {unknown}
Potions
 k - 2 potions of mutation
 m - 4 potions of curing
 n - a potion of lignification
 o - a potion of magic {unknown}
 w - 3 potions of invisibility
 C - a potion of heal wounds {unknown}
 E - 2 potions of attraction
 H - 2 potions of might
 J - a potion of berserk rage


   Skills:
 + Level 8.2 Fighting
 + Level 7.1 Axes
 + Level 3.4 Crossbows
 - Level 4.0 Throwing
 + Level 6.9 Armour
 + Level 7.0 Dodging
 - Level 4.5 Stealth
 + Level 3.4 Necromancy
 + Level 5.9 Evocations


You had one spell level left.
You knew the following spells:

 Your Spells              Type           Power      Damage    Failure   Level
a - Animate Skeleton      Necr           14%        N/A       80%         1
b - Corpse Rot            Necr/Air       N/A        N/A       99%         2
c - Death Channel         Necr           3%         N/A       100%        6

Your spell library contained the following spells:

 Spells                   Type           Power      Damage    Failure   Level
 Apportation              Tloc           0%         N/A       99%         1
 Corona                   Hex            0%         N/A       99%         1
 Foxfire                  Conj/Fire      0%         2x1d4     99%         1
 Freeze                   Ice            0%         1d3       99%         1
 Magic Dart               Conj           0%         1d3       99%         1
 Summon Small Mammal      Summ           0%         N/A       99%         1
 Call Imp                 Summ           0%         N/A       100%        2
 Conjure Flame            Conj/Fire      0%         6-21      100%        3
 Frozen Ramparts          Ice            0%         1d2       100%        3
 Inner Flame              Hex/Fire       0%         N/A       100%        3
 Mephitic Cloud           Conj/Pois/Air  0%         N/A       100%        3
 Dispel Undead            Necr           7%         3d8       100%        4
 Hailstorm                Conj/Ice       0%         3d3       100%        4


Dungeon Overview and Level Annotations

Branches:
Dungeon (10/15)            Temple (1/1) D:4            Lair (0/6) D:10
    Orc (0/2) D:9           Sewer (visited)

Altars:
Ashenzari
Cheibriados
Dithmenos
Elyvilon
Fedhas
Gozag
Hepliaklqana
Kikubaaqudgha
Makhleb
Nemelex Xobeh
Okawaru
Qazlal
Ru
Sif Muna
Trog
Uskayaw
Vehumet
Wu Jian
Xom
Yredelemnul
Zin
The Shining One


Innate Abilities, Weirdness & Mutations

You have a pair of horns on your head.
You are mostly covered in rugged brown scales. (AC +2, +5% HP)
You frequently emit foul miasma when damaged in melee.
You sometimes gain power by taking damage.


Message History

You block the death yak's attack.
The death yak gores you but does no damage.
You hit the death yak.
The death yak is heavily wounded.
The death yak misses you.
You hit the death yak. You headbutt the death yak.
The death yak is heavily wounded.
The death yak gores you!
* * * LOW HITPOINT WARNING * * *
You sock the death yak!
The death yak is severely wounded.
You block the death yak's attack.
You hit the death yak but do no damage. You headbutt the death yak.
The death yak is severely wounded.
The death yak is distracted by your dazzling golden aura.
The death yak bellows!
You hit the death yak but do no damage.
The death yak is no longer distracted by gold.
The death yak is severely wounded.
The death yak misses you.
You thump the death yak!
The death yak is severely wounded.
The death yak barely misses you. You block the death yak's attack.
You hit the death yak. You headbutt the death yak!
The death yak is almost dead.
The death yak gores you!
* * * LOW HITPOINT WARNING * * *
You focus on the pain.
You feel more agile all of a sudden.
You hit the death yak. You headbutt the death yak.
The death yak is almost dead.
The death yak gores you but does no damage.
You hit the death yak.
The death yak is almost dead.
The death yak gores you but does no damage.
You hit the death yak.
The death yak is almost dead.
The death yak gores you!
You die...
Your body crumbles into a pile of gold.

.................................
.#..#....#..#.......#..#..##..#..
........^........................
..###.............##########'#...
..#.#......######.#,,,.......#.#.
..#.#......######.#,,,.......#...
..'.#.##..........#,**########...
..#.'....#####...##,*********####
..#.######...#.#@#,,,,,,,,,,,,,,#
..#.##.......#.#Y#,,,,,,,,,,,,,,#
#.#.##..##.#'#...########****####
..#+##..##.#.........$(.######...
.....#..##.+.#....#...#.'.Y..#...
.....#..####............##...#...
.....#..#...###..........#...#...
.....'..#.#.#,#..#.......#...'.#.
.....####...#,#...(......#.###...


You could see a death yak.

Vanquished Creatures
  4 death yaks (D:10)
  A gargoyle (D:10)
  A kobold demonologist (D:4)
  3 trolls
  Grinder (D:5)
  A wraith (D:8)
  A steam dragon (D:8)
  A warg (D:6)
  An acid dragon (D:10)
  A water moccasin (D:6)
  2 black bears
  An ice beast (D:7)
  2 orc warriors (D:8)
  A hornet zombie (D:9)
  7 necrophages
  6 ogres
  4 centaurs
  6 kobold brigands
  2 bullfrogs (Sewer)
  A wyvern zombie (D:9)
  2 gnoll sergeants (D:6)
  A water moccasin skeleton (D:4)
  3 killer bees (D:10)
  2 wights (D:9)
  7 howler monkeys
  A human zombie (D:9)
  A bullfrog zombie (D:6)
  A centaur zombie (D:9)
  9 hounds (D:6)
  11 orc priests
  2 iguanas
  13 orc wizards
  Natasha (thrice) (D:3)
  Terence (D:3)
  A killer bee zombie (D:5)
  A mummy (D:9)
  A howler monkey zombie (D:9)
  17 gnolls
  A howler monkey skeleton (D:7)
  9 adders
  A river rat (D:3)
  2 shadow imps (D:7)
  A white imp (D:8)
  An ufetubus (D:5)
  An adder skeleton (D:4)
  2 worms (D:3)
  19 orcs
  18 ball pythons
  16 endoplasms
  9 giant cockroaches
  6 goblins
  9 hobgoblins
  6 jackals
  11 quokkas
  9 bats
  25 frilled lizards
  19 kobolds
  9 rats
298 creatures vanquished.

Vanquished Creatures (others)
  An orc wizard (D:10)
  9 plants
  5 toadstools (D:5)
15 creatures vanquished.

Grand Total: 313 creatures vanquished

Notes
Turn   | Place    | Note
-------+----------+-------------------------------------------
     0 | D:5      | flotson the Demonspawn Delver began the quest for the Orb.
     0 | D:5      | Reached XP level 1. HP: 18/18 MP: 1/1
   180 | D:5      | Noticed an iguana
   185 | D:5      | Noticed a kobold brigand
   187 | D:5      | Noticed a kobold brigand
   188 | D:5      | Noticed a kobold demonologist
   189 | D:5      | Noticed a quasit
   189 | D:5      | Noticed a crimson imp
   191 | D:5      | Noticed an orange demon
   460 | D:4      | Reached skill level 1 in Armour
   460 | D:4      | Gained mutation: You have a pair of small horns on your
                  | head. [demonic ancestry]
   460 | D:4      | Reached XP level 2. HP: 7/24 MP: 2/2
   460 | D:4      | Gained mutation: You are partially covered in rugged brown
                  | scales. (AC +1, +3% HP) [demonic ancestry]
   460 | D:4      | Reached XP level 3. HP: 7/29 MP: 3/3
   858 | D:3      | Found a glowing drain.
   862 | Sewer    | Entered a sewer
   878 | Sewer    | Gained mutation: You may rarely emit foul miasma when
                  | damaged in melee. [demonic ancestry]
   878 | Sewer    | Reached XP level 4. HP: 5/36 MP: 4/4
   881 | Sewer    | HP: 1/36 [poisoned by an adder]
  2299 | Sewer    | Gained mutation: You have a pair of horns on your head.
                  | [demonic ancestry]
  2299 | Sewer    | Reached XP level 5. HP: 43/43 MP: 5/5
  2529 | Sewer    | Reached skill level 4 in Fighting
  2538 | Sewer    | Gained mutation: You sometimes emit foul miasma when
                  | damaged in melee. [demonic ancestry]
  2538 | Sewer    | Reached XP level 6. HP: 4/49 MP: 6/6
  3351 | D:1      | Found a faded altar of an unknown god.
  4543 | D:3      | Found a broken altar of Ashenzari.
  4618 | D:3      | Noticed Terence
  4629 | D:3      | Killed Terence
  5134 | D:3      | Gained mutation: You are mostly covered in rugged brown
                  | scales. (AC +2, +5% HP) [demonic ancestry]
  5134 | D:3      | Reached XP level 7. HP: 57/57 MP: 7/7
  5140 | D:3      | Noticed Natasha
  5147 | D:3      | Killed Natasha
  5254 | D:3      | Noticed Natasha
  5264 | D:3      | Killed Natasha
  5429 | D:3      | Found a broken altar of Ashenzari.
  5499 | D:3      | Noticed Natasha
  6072 | D:3      | Found a broken altar of Ashenzari.
  6222 | D:3      | Killed Natasha
  6635 | D:4      | Found a staircase to the Ecumenical Temple.
  6650 | Temple   | Entered the Ecumenical Temple
  6959 | Temple   | Became a worshipper of Gozag Ym Sagoz the Greedy
  7053 | Temple   | Reached skill level 5 in Fighting
  7507 | D:5      | Noticed Grinder
  7607 | D:4      | Noticed a soul eater
  7613 | D:4      | Killed a kobold demonologist
  7614 | D:4      | Reached skill level 1 in Throwing
  7614 | D:4      | Reached skill level 1 in Evocations
  7614 | D:4      | Gained mutation: You sometimes gain a little power by
                  | taking damage. [demonic ancestry]
  7614 | D:4      | Reached XP level 8. HP: 50/66 MP: 8/8
  8362 | D:5      | Paralysed by Grinder for 2 turns
  8382 | D:5      | Killed Grinder
  8383 | D:5      | Reached skill level 6 in Fighting
  8726 | D:6      | Reached skill level 5 in Axes
  8737 | D:6      | Reached skill level 5 in Dodging
  9061 | D:5      | Reached XP level 9. HP: 69/72 MP: 9/9
  9235 | D:6      | Reached skill level 5 in Armour
  9434 | D:6      | Noticed a death knight
  9830 | D:6      | Noticed a troll
 10017 | D:5      | Killed a troll
 10917 | D:6      | Reached skill level 7 in Fighting
 11549 | D:6      | Gained mutation: You sometimes gain power by taking damage.
                  | [demonic ancestry]
 11549 | D:6      | Reached XP level 10. HP: 75/82 MP: 10/10
 12255 | D:7      | You fall into a shaft and drop 3 floors!
 12255 | D:10     | Entered Level 10 of the Dungeon
 12318 | D:8      | Reached skill level 1 in Crossbows
 13716 | D:8      | Learned a level 1 spell: Animate Skeleton
 13719 | D:8      | Learned a level 2 spell: Corpse Rot
 13726 | D:8      | Learned a level 6 spell: Death Channel
 14266 | D:9      | Found a staircase to the Orcish Mines.
 14389 | D:9      | Reached skill level 5 in Evocations
 14508 | D:9      | Reached skill level 1 in Necromancy
 14553 | D:9      | Found a shimmering altar of Xom.
 14576 | D:9      | Found a sacrificial altar of Ru.
 14838 | D:9      | Found a basalt altar of Yredelemnul.
 15632 | D:10     | Noticed a death yak
 15659 | D:10     | HP: 1/84 [death yak (9)]
 15670 | D:10     | HP: 4/84 [death yak (5)]
 15703 | D:10     | Killed a death yak
 16293 | D:10     | Noticed a gargoyle
 16315 | D:10     | Killed a gargoyle
 16512 | D:10     | Found a staircase to the Lair.
 16512 | D:10     | Noticed a death yak
 16512 | D:10     | Noticed a death yak
 16563 | D:10     | Killed a death yak
 16564 | D:10     | Reached skill level 8 in Fighting
 16564 | D:10     | Gained mutation: You frequently emit foul miasma when
                  | damaged in melee. [demonic ancestry]
 16564 | D:10     | Reached XP level 11. HP: 83/90 MP: 11/11
 16709 | D:10     | Noticed a death yak
 16726 | D:10     | Noticed a death yak
 16753 | D:10     | Killed a death yak
 16753 | D:10     | Killed a death yak
 16780 | D:10     | Slain by a death yak

Illustrated notes

Levels and vault maps discovered:
D:1:      minmay_arrival_jagged, layout_loops_ring,
          hellmonk_ecumenical_altar_leap_of_faith
D:2:      layout_rooms, chequers_serial_rivers_small_a
D:3:      layout_rooms, nicolae_ashenzari_panopticon, gup_sewer_entry_bowl,
          uniq_terence, uniq_natasha
D:4:      layout_basic, minmay_temple_entry_overgrown
D:5:      layout_rooms, hangedman_decor_growths, minmay_gold_behind_fungi,
          patterned_corridor, uniq_grinder
D:6:      lemuel_castle_with_subvaults [lemuel_castle_interior_original],
          layout_basic
D:7:      layout_basic
D:8:      layout_basic
D:9:      layout_basic, lemuel_crystal_altar,
          lemuel_mausoleum_altar_yredelemnul, nicolae_ru_awakened_eye,
          orc_0_dummy
D:10:     layout_stronghold, dpeg_lair_monsters
Temple:   dpeg_five_rooms_temple

Skill      XL: |  1  2  3  4  5  6  7  8  9 10 11 |
---------------+----------------------------------+-----
Axes           | 2 3 4 5 6 7 |  7.1
Armour         | 1 2 3 4 5 6 |  6.9
Dodging        | 2 3 4 5 6 7 |  7.0
Fighting       | 4 5 6 7 8 |  8.2
Throwing       | 1 2 4 |  4.0
Evocations     | 1 2 4 5 |  5.9
Crossbows      | 3 |  3.4
Necromancy     | 3 |  3.4
Stealth        | |  4.5

Action                   |  1- 3 |  4- 6 |  7- 9 | 10-12 || total
-------------------------+-------+-------+-------+-------++-------
Melee: Hand axe          |    45 |   177 |       |       ||   222
       Headbutt          |     1 |    39 |    72 |    71 ||   183
       Dagger            |       |    83 |       |       ||    83
       Mace              |       |    52 |    86 |       ||   138
       Flail             |       |       |   312 |   261 ||   573
 Fire: Hand crossbow     |       |       |    10 |    88 ||    98
Throw: Dart              |       |       |    28 |    19 ||    47
Evoke: Wand              |     1 |       |     5 |     7 ||    13
  Use: Potion            |     2 |     2 |     2 |     3 ||     9
       Scroll            |     1 |    10 |     1 |     5 ||    17
 Stab: Sleeping          |     1 |    16 |     1 |       ||    18
       Distracted        |       |       |     2 |       ||     2
Armor: Leather armour    |    12 |    58 |       |       ||    70
       Ring mail         |       |    33 |   179 |       ||   212
       Skin              |       |     3 |    22 |       ||    25
       Chain mail        |       |       |   116 |   169 ||   285
Dodge: Dodged            |    35 |   202 |   309 |   107 ||   653
Block: Other             |       |       |    61 |    77 ||   138
       Reflection        |       |       |     3 |     3 ||     6

Table legend: (Time is in decaauts)
 A = Elapsed time spent in this place.
 B = Non-inter-level travel time spent in this place.
 C = Inter-level travel time spent in this place.
 D = Time resting spent in this place.
 E = Time spent auto-exploring this place.
 F = Levels seen in this place.
 G = Mean time per level.
                   A        B        C        D        E       F      G
               +--------+--------+--------+--------+--------+-----+--------+
         Total |  17143 |  16627 |    516 |   1676 |  11688 |  12 | 1428.6 |
       Dungeon |  14553 |  14070 |    483 |   1222 |  10034 |  10 | 1455.3 |
        Temple |    470 |    437 |     33 |      0 |    393 |   1 |  470.0 |
         Sewer |   2119 |   2119 |      0 |    453 |   1260 |   1 | 2119.0 |
               +--------+--------+--------+--------+--------+-----+--------+

Top non-repeatable levels by time:
     D:6: 2330 daAuts
     D:5: 2157 daAuts
   Sewer: 2119 daAuts
     D:4: 2039 daAuts
     D:3: 1886 daAuts
    D:10: 1446 daAuts
     D:9: 1201 daAuts
     D:8: 1185 daAuts
     D:7: 857 daAuts
     D:1: 813 daAuts
     D:2: 634 daAuts
  Temple: 470 daAuts
